 Dungeon Crawl Stone Soup version 0.20.1-1-g8b1a95d (webtiles) character file.

8262 Inarius the Destroyer (level 10, -2/83 HPs)
             Began as a Demigod Ice Elementalist on Dec 29, 2017.
             Slain by a two-headed ogre
             ... wielding a +0 giant club
              (8 damage)
             ... on level 10 of the Dungeon on Dec 30, 2017.
             The game lasted 01:01:24 (12258 turns).

Inarius the Destroyer (Demigod Ice Elementalist)   Turns: 12258, Time: 01:01:24

Health: -2/83      AC: 10    Str: 16    XL:     10   Next: 80%
Magic:  15/22      EV: 12    Int: 27    God:
Gold:   610        SH:  0    Dex: 16    Spells: 6/18 levels left

rFire    . . .     SeeInvis .   u - +4 quarterstaff (chaos)
rCold    . . .     Gourm    .   (shield currently unavailable)
rNeg     . . .     Faith    .   C - +2 ring mail {MR+}
rPois    .         Spirit   .   (helmet restricted)
rElec    .         Reflect  .   v - +0 cloak
rCorr    .         Harm     .   (no gloves)
MR       ++...                  M - +0 pair of boots
Stlth    +.........             (no amulet)
Regen    0.3/turn               n - +5 ring of strength
MPRegen  0.2/turn               O - +2 ring of intelligence

@: no status effects
A: horns 1, high mp 2, sturdy frame 1
a: no special abilities


You were on level 10 of the Dungeon.
You were not hungry.

You visited 1 branch of the dungeon, and saw 11 of its levels.

You collected 610 gold pieces.

Inventory:

Hand Weapons
 h - a +3 mace of protection
 u - a +4 quarterstaff of chaos (weapon)
Armour
 v - a +0 cloak (worn)
 C - a +2 ring mail of magic resistance (worn)
 J - a +0 helmet
 M - a +0 pair of boots (worn)
Magical Staves
 G - an uncursed staff of power
Jewellery
 n - a +5 ring of strength (left hand)
 A - an uncursed ring of resist corrosion
 O - a +2 ring of intelligence (right hand)
Wands
 y - a wand of polymorph (14/24)
 L - a wand of random effects (12/48)
 S - a wand of disintegration (12/24)
Scrolls
 a - 3 scrolls of recharging
 e - a scroll of teleportation
 f - 2 scrolls of enchant armour {unknown}
 k - a scroll of magic mapping
 l - 5 scrolls of identify {unknown}
 q - 2 scrolls of remove curse
 t - 2 scrolls of immolation {unknown}
 x - 2 scrolls of fear {unknown}
 H - a scroll of random uselessness {unknown}
 I - a scroll of amnesia {unknown}
 K - a scroll of holy word {unknown}
 N - a scroll of fog {unknown}
 P - a scroll of enchant weapon {unknown}
Potions
 d - a potion of mutation
 j - a potion of flight {unknown}
 m - 3 potions of curing {unknown}
 o - a potion of resistance {unknown}
 r - a potion of cancellation
 s - 2 potions of agility
 w - a potion of haste {unknown}
 z - a potion of heal wounds
 D - a potion of magic {unknown}
 F - a potion of berserk rage {unknown}
 R - a potion of might {unknown}
Books
 b - a book of Frost

   Spells                             Type                      Level
   a - Freeze                         Ice                          1
   b - Throw Frost                    Conjuration/Ice              2
   c - Ozocubu's Armour               Charms/Ice                   3
   d - Throw Icicle                   Conjuration/Ice              4
   e - Summon Ice Beast               Ice/Summoning                4
 i - a book of Minor Magic

   Spells                             Type                      Level
   a - Magic Dart                     Conjuration                  1
   b - Blink                          Translocation                2
   c - Call Imp                       Summoning                    2
   d - Slow                           Hexes                        2
   e - Conjure Flame                  Conjuration/Fire             3
   f - Mephitic Cloud                 Conjuration/Poison/Air       3
 B - a book of Misfortune

   Spells                             Type                      Level
   a - Confusing Touch                Hexes                        1
   b - Confuse                        Hexes                        3
   c - Gell's Gravitas                Translocation                3
   d - Petrify                        Transmutation/Earth          4
   e - Metabolic Englaciation         Hexes/Ice                    5
   f - Yara's Violent Unravelling     Hexes/Transmutation          5
 E - a book of Geomancy

   Spells                             Type                      Level
   a - Sandblast                      Earth                        1
   b - Passwall                       Transmutation/Earth          2
   c - Stone Arrow                    Conjuration/Earth            3
   d - Petrify                        Transmutation/Earth          4
   e - Lee's Rapid Deconstruction     Earth                        5
Comestibles
 c - 2 bread rations
 g - 4 meat rations
 p - 3 royal jellies


   Skills:
 + Level 6.0 Fighting
 - Level 4.4 Armour
 - Level 1.7 Dodging
 - Level 1.7 Stealth
 + Level 4.7 Spellcasting
 * Level 8.3 Conjurations
 + Level 2.0 Charms
 + Level 5.7 Summonings
 + Level 7.7 Ice Magic
 + Level 2.1 Evocations


You had 6 spell levels left.
You knew the following spells:

 Your Spells              Type           Power        Failure   Level  Hunger
a - Freeze                Ice            ####         1%          1    None
b - Ozocubu's Armour      Chrm/Ice       ####....     4%          3    ##.....
c - Throw Icicle          Conj/Ice       #####...     3%          4    ####...
d - Summon Ice Beast      Ice/Summ       #####...     6%          4    ####...


Dungeon Overview and Level Annotations

Branches:
Dungeon (11/15)            Temple (0/1) D:6            Lair (0/6) D:11
    Orc (0/2) D:10

Shops:
D:8 }}[}


Innate Abilities, Weirdness & Mutations

You have a considerably increased reservoir of magic. (+20% MP)
You have a pair of small horns on your head.
Your movements are slightly less encumbered by armour. (ER -2)


Message History

The two-headed ogre hits you with a giant club!
The two-headed ogre closely misses you.
You barely miss the two-headed ogre.
The two-headed ogre is almost dead.
The two-headed ogre misses you.
The two-headed ogre hits you with a giant club.
The two-headed ogre barely misses you.
The two-headed ogre hits you with a giant club!
* * * LOW HITPOINT WARNING * * *
Casting: Summon Ice Beast
Confirm with . or Enter, or press ? or * to list all spells.
Aiming: Throw Icicle
Press: ? - help, Shift-Dir - straight line, f - two-headed ogre
Aim: a two-headed ogre, wielding two giant clubs (almost dead, fast, poisoned)
The shard of ice hits the two-headed ogre.
The two-headed ogre is almost dead.
The two-headed ogre hits you with a giant club!
* * * LOW HITPOINT WARNING * * *
The two-headed ogre hits you with a giant club!
You die...

# # ######## # #......# # #
#......# ############.#
#####......########............#
....'<.....'....@O))[......>#
#####......########.#...#<#.# .#
#......# #.#.#.#.#.# .# ########
..# # #.#.# .# ... #.#.# .# ...
#.#.# .# ..... #.#.# .# ...
#.#.# .# #.#


You could see a two-headed ogre.

Vanquished Creatures
  4 two-headed ogres
  A deep elf mage (D:10)
  A manticore (D:10)
  A troll (D:9)
  3 yaks (D:9)
  A hungry ghost (D:9)
  The ghost of Agrougrou the Covered, an amateur DsFi (D:4)
  A water moccasin (D:9)
  3 orc warriors
  3 black bears
  5 ice beasts
  A phantom (D:5)
  A necrophage (D:5)
  2 ogres
  2 centaurs
  A big kobold (D:10)
  4 bullfrogs
  A gnoll sergeant (D:8)
  4 scorpions
  A killer bee (D:5)
  2 vampire bats (D:6)
  A howler monkey (D:3)
  2 bullfrog zombies
  3 crimson imps
  A jelly (D:8)
  3 bullfrog skeletons
  2 centaur skeletons
  4 orc priests
  Crazy Yiuf (D:3)
  5 hounds
  4 orc wizards
  2 iguanas
  3 worker ants
  A killer bee zombie (D:8)
  3 worker ant zombies
  13 adders
  11 gnolls
  A howler monkey skeleton (D:7)
  2 shadow imps
  2 oozes
  3 adder skeletons
  2 worms
  5 dart slugs
  4 leopard geckos
  22 orcs
  6 giant cockroaches
  7 goblins
  11 hobgoblins
  3 jackals (D:1)
  4 quokkas
  12 bats
  3 frilled lizards (D:2)
  13 kobolds
  A quokka zombie (D:6)
  9 rats
212 creatures vanquished.

Vanquished Creatures (collateral kills)
  A troll (D:10)
  An orc warrior (D:10)
  3 orcs (D:10)
5 creatures vanquished.

Vanquished Creatures (others)
  A hornet (D:7)
1 creature vanquished.

Grand Total: 218 creatures vanquished

Notes
Turn   | Place    | Note
-------+----------+-------------------------------------------
     0 | D:1      | Inarius the Demigod Ice Elementalist began the quest for the Orb.
     0 | D:1      | Reached XP level 1. HP: 14/14 MP: 5/5
   137 | D:1      | Reached XP level 2. HP: 19/20 MP: 0/7
   690 | D:1      | Reached XP level 3. HP: 25/26 MP: 8/8
   698 | D:1      | Learned a level 3 spell: Ozocubu's Armour
  1644 | D:3      | Reached XP level 4. HP: 21/34 MP: 8/10
  1743 | D:3      | Reached skill level 1 in Fighting
  2224 | D:3      | Reached skill level 1 in Armour
  2420 | D:3      | Reached skill level 1 in Charms
  2420 | D:3      | Reached XP level 5. HP: 18/40 MP: 7/11
  2426 | D:3      | Learned a level 4 spell: Throw Icicle
  2739 | D:3      | Noticed a centaur
  3007 | D:3      | Found a runed door.
  3230 | D:3      | Noticed Crazy Yiuf
  3235 | D:3      | Killed Crazy Yiuf
  3235 | D:3      | Reached skill level 1 in Conjurations
  3537 | D:4      | Noticed Agrougrou's ghost (amateur DsFi)
  3847 | D:4      | Gained mutation: Your movements are slightly less encumbered by armour. (ER -2) [potion of mutation]
  3847 | D:4      | Gained mutation: You have a pair of small horns on your head. [potion of mutation]
  3847 | D:4      | Gained mutation: You have a considerably increased reservoir of magic. (+20% MP) [potion of mutation]
  4255 | D:5      | Entered Level 5 of the Dungeon
  4268 | D:5      | Reached XP level 6. HP: 47/47 MP: 14/14
  4591 | D:5      | Reached skill level 2 in Conjurations
  5063 | D:5      | Reached XP level 7. HP: 42/55 MP: 16/16
  5489 | D:5      | Learned a level 4 spell: Summon Ice Beast
  5689 | D:6      | Reached skill level 5 in Ice Magic
  5709 | D:6      | Reached skill level 1 in Summonings
  6154 | D:6      | Found a staircase to the Ecumenical Temple.
  6282 | D:6      | Reached skill level 3 in Conjurations
  6414 | D:6      | Reached XP level 8. HP: 44/63 MP: 2/18
  7196 | D:4      | Killed Agrougrou's ghost
  7519 | D:7      | Reached skill level 1 in Evocations
  7880 | D:7      | Noticed a hornet
  7887 | D:7      | Banished a hornet
  7991 | D:8      | Reached skill level 4 in Conjurations
  8224 | D:8      | Found Foparrug's Gadget Shop.
  8346 | D:8      | You fall through a shaft for 3 floors!
  8346 | D:11     | Found a staircase to the Lair.
  8370 | D:11     | Noticed a two-headed ogre
  8391 | D:11     | HP: 3/64 [ice beast (14)]
  8599 | D:11     | Noticed a gargoyle
  8607 | D:10     | Entered Level 10 of the Dungeon
  8611 | D:9      | Noticed a troll
  8637 | D:9      | Reached XP level 9. HP: 47/71 MP: 7/20
  8844 | D:9      | Reached skill level 5 in Conjurations
  9040 | D:8      | Found Utekk's Gadget Shoppe.
  9254 | D:8      | Noticed a two-headed ogre
  9261 | D:8      | Killed a two-headed ogre
  9402 | D:8      | Noticed a two-headed ogre
  9418 | D:8      | Killed a two-headed ogre
  9418 | D:8      | Reached skill level 6 in Conjurations
  9569 | D:8      | Noticed a two-headed ogre
  9575 | D:8      | Killed a two-headed ogre
  9575 | D:8      | Reached skill level 5 in Fighting
  9575 | D:8      | Reached XP level 10. HP: 81/81 MP: 5/22
 10085 | D:8      | Found Siasa's Gadget Shop.
 10086 | D:8      | Found Cixurghi's Armour Shoppe.
 10275 | D:9      | Reached skill level 7 in Conjurations
 10354 | D:9      | Reached skill level 5 in Summonings
 11046 | D:10     | Noticed a manticore
 11046 | D:10     | Noticed a two-headed ogre
 11079 | D:9      | Killed a two-headed ogre
 11350 | D:10     | Killed a manticore
 11350 | D:10     | Reached skill level 8 in Conjurations
 11493 | D:10     | Found a staircase to the Orcish Mines.
 11715 | D:10     | Noticed a deep elf mage
 11719 | D:10     | Killed a deep elf mage
 12233 | D:10     | Noticed a two-headed ogre
 12258 | D:10     | Slain by a two-headed ogre

Skill      XL: |  1  2  3  4  5  6  7  8  9 10 |
---------------+-------------------------------+-----
Ice Magic      | 3 4 5 6 7 |  7.7
Spellcasting   | 2 3 4 |  4.7
Fighting       | 1 2 3 5 6 |  6.0
Armour         | 1 2 3 4 |  4.4
Charms         | 1 2 |  2.0
Conjurations   | 1 2 3 4 6 8 |  8.3
Summonings     | 1 3 4 5 |  5.7
Evocations     | 2 |  2.1
Dodging        | |  1.7
Stealth        | |  1.7

Action                   |  1- 3 |  4- 6 |  7- 9 | 10-12 || total
-------------------------+-------+-------+-------+-------++-------
Melee: Mace              |    88 |    60 |       |       ||   148
       Club              |     1 |       |       |       ||     1
       Quarterstaff      |       |    72 |   218 |   144 ||   434
       Headbutt          |       |     7 |    45 |    37 ||    89
 Cast: Freeze            |    14 |    17 |       |       ||    31
       Ozocubu's Armour  |       |     3 |       |       ||     3
       Throw Icicle      |       |     6 |    50 |    31 ||    87
       Summon Ice Beast  |       |       |       |     4 ||     4
  Use: Scroll            |       |     5 |     4 |       ||     9
       Potion            |       |     2 |     3 |       ||     5
 Stab: Sleeping          |     7 |     1 |     1 |       ||     9
       Distracted        |       |     1 |       |       ||     1
       Confused          |       |     1 |       |       ||     1
       Paralysed         |       |       |     1 |     7 ||     8
  Eat: Chunk             |     2 |    12 |    13 |    10 ||    37
       Bread ration      |       |       |     3 |     1 ||     4
Armor: Leather armour    |    29 |    24 |       |       ||    53
       Ring mail         |       |    18 |    98 |    62 ||   178
Dodge: Dodged            |    79 |    84 |   184 |   109 ||   456
